[ AOE2 MATCH · #505122892 ]
UnrankedTupi vs Koreans
Player's team · LOSS
Rival team · WIN
[ REPLAY ANALYSIS · EXTRACTED FROM THE RECORDED GAME ]
Feudal
11:36
Castle
—
Imperial
—
| APM avg | 81.8 |
| APM peak | 125 |
| eAPM avg | 34.3 |
| Villagers / military | 44 / 0 |
Focus
⚔️ 55.7% · 🌾 44.3%
Unknown (2550) ×16
Feudal
9:30
Castle
—
Imperial
—
| APM avg | 116.6 |
| APM peak | 183 |
| eAPM avg | 62.2 |
| Villagers / military | 43 / 13 |
Focus
⚔️ 66.5% · 🌾 33.5%
Archer ×13
Match map
Initial resources + every placement click. Lines = walls · curves = elevation contours. ◆ gold · ⬟ stone · ● berries · ✦ relic · ◌ wall gap
Your base· Open — unwalled flank
[VL] Lil Franco's base· Open — unwalled flank
Smoothed initial terrain · ◌ = detected wall gap · hover for details
Inputs per minute
— SVTT | Альпинист - - [VL] Lil Franco
Build order — SVTT | Альпинист
91 actions detected in the replay
| 0:01 | Queue | Villager (Male) |
| 0:01 | Queue | Villager (Male) |
| 0:02 | Build | House |
| 0:03 | Queue | Villager (Male) |
| 0:03 | Build | House |
| 0:07 | Queue | Villager (Male) |
| 0:07 | Queue | Villager (Male) |
| 0:40 | Build | Barracks |
| 1:04 | Queue | Villager (Male) |
| 1:04 | Queue | Villager (Male) |
| 1:22 | Research | Loom |
| 1:44 | Queue | Unit 2550 |
| 1:44 | Queue | Unit 2550 |
| 2:24 | Queue | Unit 2550 |
| 2:24 | Queue | Unit 2550 |
| 2:40 | Queue | Villager (Male) |
| 2:41 | Queue | Villager (Male) |
| 2:56 | Queue | Villager (Male) |
| 2:56 | Queue | Villager (Male) |
| 3:18 | Queue | Villager (Male) |
| 3:18 | Queue | Villager (Male) |
| 3:30 | Build | House |
| 3:39 | Queue | Villager (Male) |
| 3:39 | Queue | Villager (Male) |
| 4:04 | Queue | Villager (Male) |
| 4:04 | Queue | Villager (Male) |
| 4:39 | Queue | Villager (Male) |
| 4:39 | Queue | Villager (Male) |
| 4:57 | Build | House |
| 5:06 | Queue | Villager (Male) |
| 5:16 | Queue | Villager (Male) |
| 5:16 | Queue | Villager (Male) |
| 5:16 | Queue | Villager (Male) |
| 5:34 | Queue | Villager (Male) |
| 5:39 | Build | Outpost |
| 5:43 | Queue | Villager (Male) |
| 5:43 | Queue | Villager (Male) |
| 6:06 | Queue | Villager (Male) |
| 6:06 | Queue | Villager (Male) |
| 6:37 | Queue | Villager (Male) |
| 6:37 | Queue | Villager (Male) |
| 6:37 | Queue | Villager (Male) |
| 6:49 | Queue | Villager (Male) |
| 6:49 | Queue | Villager (Male) |
| 6:53 | Build | Settlement |
| 7:36 | Queue | Villager (Male) |
| 7:37 | Queue | Villager (Male) |
| 8:25 | Build | Settlement |
| 8:36 | Build | Outpost |
| 8:53 | Build | Farm |
| 9:26 | Research | Feudal Age |
| 9:26 | Research | Feudal Age |
| 9:37 | Build | Settlement |
| 9:41 | Queue | Unit 2550 |
| 9:41 | Queue | Unit 2550 |
| 11:20 | Queue | Villager (Male) |
| 11:36 | Age | Feudal Age |
| 11:46 | Queue | Unit 2550 |
| 11:46 | Queue | Unit 2550 |
| 12:00 | Queue | Villager (Male) |
| 12:01 | Queue | Unit 2550 |
| 12:01 | Queue | Unit 2550 |
| 12:05 | Queue | Villager (Male) |
| 12:20 | Build | Watch Tower |
| 12:36 | Build | Watch Tower |
| 12:39 | Queue | Unit 2550 |
| 12:39 | Queue | Unit 2550 |
| 12:40 | Queue | Unit 2550 |
| 12:55 | Research | Tech 1402 |
| 12:55 | Research | Tech 1402 |
| 12:55 | Queue | Villager (Male) |
| 12:56 | Queue | Villager (Male) |
| 12:56 | Queue | Villager (Male) |
| 12:59 | Build | Farm |
| 13:07 | Build | Farm |
| 13:43 | Build | Palisade Wall |
| 13:43 | Build | Palisade Wall |
| 13:43 | Build | Palisade Wall |
| 13:43 | Build | Palisade Wall |
| 13:44 | Build | Palisade Wall |
| 13:44 | Build | Palisade Wall |
| 13:44 | Build | Palisade Wall |
| 13:46 | Build | Palisade Wall |
| 13:47 | Queue | Villager (Male) |
| 13:47 | Queue | Villager (Male) |
| 13:48 | Queue | Villager (Male) |
| 13:58 | Build | Barracks |
| 14:03 | Build | Watch Tower |
| 14:14 | Queue | Unit 2550 |
| 14:14 | Queue | Unit 2550 |
| 14:14 | Queue | Unit 2550 |
Build order — [VL] Lil Franco
104 actions detected in the replay
| 0:01 | Queue | Villager (Male) |
| 0:02 | Build | House |
| 0:03 | Build | House |
| 0:06 | Queue | Villager (Male) |
| 0:06 | Queue | Villager (Male) |
| 0:10 | Queue | Villager (Male) |
| 1:24 | Queue | Villager (Male) |
| 1:24 | Queue | Villager (Male) |
| 1:50 | Build | Lumber Camp |
| 1:58 | Queue | Villager (Male) |
| 1:59 | Queue | Villager (Male) |
| 2:24 | Queue | Villager (Male) |
| 2:24 | Queue | Villager (Male) |
| 2:38 | Build | House |
| 2:53 | Queue | Villager (Male) |
| 2:54 | Queue | Villager (Male) |
| 3:16 | Queue | Villager (Male) |
| 3:17 | Queue | Villager (Male) |
| 3:36 | Queue | Villager (Male) |
| 3:36 | Queue | Villager (Male) |
| 3:54 | Queue | Villager (Male) |
| 3:54 | Queue | Villager (Male) |
| 3:57 | Queue | Villager (Male) |
| 4:18 | Queue | Villager (Male) |
| 4:40 | Build | Palisade Wall |
| 4:45 | Build | Palisade Wall |
| 4:50 | Queue | Villager (Male) |
| 4:50 | Queue | Villager (Male) |
| 4:51 | Research | Loom |
| 5:03 | Queue | Villager (Male) |
| 5:04 | Research | Loom |
| 5:07 | Build | Palisade Wall |
| 5:51 | Build | Barracks |
| 5:57 | Queue | Villager (Male) |
| 6:15 | Build | House |
| 6:21 | Queue | Villager (Male) |
| 6:26 | Research | Loom |
| 6:52 | Queue | Villager (Male) |
| 7:20 | Research | Feudal Age |
| 7:20 | Research | Feudal Age |
| 7:39 | Build | Mill |
| 8:12 | Queue | Villager (Male) |
| 8:23 | Queue | Villager (Male) |
| 8:48 | Build | House |
| 8:50 | Build | House |
| 8:52 | Build | House |
| 8:53 | Build | House |
| 8:55 | Build | Palisade Wall |
| 9:30 | Age | Feudal Age |
| 9:46 | Build | House |
| 9:49 | Build | Palisade Wall |
| 9:54 | Build | Archery Range |
| 9:58 | Queue | Villager (Male) |
| 10:16 | Build | Mining Camp |
| 10:24 | Build | House |
| 10:29 | Queue | Villager (Male) |
| 10:37 | Queue | Archer |
| 10:49 | Queue | Villager (Male) |
| 10:49 | Queue | Villager (Male) |
| 10:53 | Research | Double-Bit Axe |
| 10:53 | Research | Double-Bit Axe |
| 10:58 | Queue | Villager (Male) |
| 10:59 | Queue | Villager (Male) |
| 11:02 | Build | Farm |
| 11:05 | Build | House |
| 11:09 | Build | Palisade Wall |
| 11:19 | Build | Palisade Wall |
| 11:21 | Build | Palisade Wall |
| 11:22 | Build | Palisade Wall |
| 11:25 | Queue | Villager (Male) |
| 11:34 | Queue | Archer |
| 11:37 | Build | Farm |
| 11:39 | Build | Farm |
| 12:07 | Queue | Archer |
| 12:08 | Queue | Archer |
| 12:09 | Queue | Villager (Male) |
| 12:19 | Build | Farm |
| 12:20 | Build | Farm |
| 12:23 | Build | Palisade Wall |
| 12:24 | Build | Palisade Wall |
| 12:25 | Build | Palisade Wall |
| 12:31 | Queue | Villager (Male) |
| 12:33 | Build | House |
| 12:34 | Build | Palisade Wall |
| 12:37 | Queue | Archer |
| 12:38 | Queue | Archer |
| 12:46 | Build | Palisade Wall |
| 12:57 | Queue | Villager (Male) |
| 12:58 | Queue | Archer |
| 13:00 | Build | Farm |
| 13:28 | Queue | Villager (Male) |
| 13:31 | Build | Blacksmith |
| 13:32 | Queue | Archer |
| 13:40 | Build | Lumber Camp |
| 13:44 | Queue | Archer |
| 13:57 | Queue | Archer |
| 13:59 | Queue | Villager (Male) |
| 14:01 | Queue | Villager (Male) |
| 14:09 | Queue | Villager (Male) |
| 14:12 | Queue | Archer |
| 14:27 | Queue | Villager (Male) |
| 14:28 | Queue | Archer |
| 14:33 | Build | Blacksmith |
| 14:37 | Queue | Archer |
Match timeline
| 0:40 | SVTT | Альпинист · first_building Barracks |
| 4:40 | [VL] Lil Franco · wall_segment Palisade Wall x1 |
| 4:45 | [VL] Lil Franco · wall_segment Palisade Wall x1 |
| 5:07 | [VL] Lil Franco · wall_segment Palisade Wall x1 |
| 5:51 | [VL] Lil Franco · first_building Barracks |
| 8:55 | [VL] Lil Franco · wall_segment Palisade Wall x1 |
| 9:30 | [VL] Lil Franco · age_up feudal |
| 9:49 | [VL] Lil Franco · wall_segment Palisade Wall x7 |
| 9:54 | [VL] Lil Franco · first_building Archery Range |
| 11:09 | [VL] Lil Franco · wall_segment Palisade Wall x1 |
| 11:19 | [VL] Lil Franco · wall_segment Palisade Wall x1 |
| 11:21 | [VL] Lil Franco · wall_segment Palisade Wall x1 |
| 11:22 | [VL] Lil Franco · wall_segment Palisade Wall x1 |
| 11:36 | SVTT | Альпинист · age_up feudal |
| 12:23 | [VL] Lil Franco · wall_segment Palisade Wall x1 |
| 12:24 | [VL] Lil Franco · wall_segment Palisade Wall x1 |
| 12:25 | [VL] Lil Franco · wall_segment Palisade Wall x1 |
| 12:34 | [VL] Lil Franco · wall_segment Palisade Wall x2 |
| 12:46 | [VL] Lil Franco · wall_segment Palisade Wall x6 |
| 13:43 | SVTT | Альпинист · wall_segment Palisade Wall x1 |
| 13:43 | SVTT | Альпинист · wall_segment Palisade Wall x2 |
| 13:43 | SVTT | Альпинист · wall_segment Palisade Wall x1 |
| 13:43 | SVTT | Альпинист · wall_segment Palisade Wall x1 |
| 13:44 | SVTT | Альпинист · wall_segment Palisade Wall x2 |
| 13:44 | SVTT | Альпинист · wall_segment Palisade Wall x2 |
| 13:44 | SVTT | Альпинист · wall_segment Palisade Wall x1 |
| 13:46 | SVTT | Альпинист · wall_segment Palisade Wall x1 |
| 14:41 | SVTT | Альпинист · resign |
[ AI ANALYSIS · 1 CREDIT ]
What really happened in this match?
Wolo.gg analyzes every decision: build order, eco, micro, common mistakes by bracket. Personalized analysis on WhatsApp or Discord in 30 seconds.
Civ guide
Tupi
Perfil
Jugador #6375678